 Dungeon Crawl Stone Soup version 0.28-a0-390-gb254ac4902 (webtiles) character file.

Game seed: 8938908271477888936

37 Zebbs the Skirmisher (level 3, 0/33 HPs)
             Began as a Minotaur Fighter on Sept 3, 2021.
             Slain by Robin (7 damage)
             ... on level 3 of the Dungeon.
             The game lasted 00:02:18 (895 turns).

Zebbs the Skirmisher (Minotaur Fighter)              Turns: 895, Time: 00:02:18

Health: 0/33       AC:  7    Str: 21    XL:     3   Next: 21%
Magic:  2/2        EV:  9    Int:  5    God:
Gold:   6          SH:  4    Dex:  9    Spells: 2/2 levels left

rFire   . . .      SeeInvis .   a - +0 war axe
rCold   . . .      Faith    .   c - +0 buckler
rNeg    . . .      Spirit   .   b - +0 scale mail
rPois   .          Reflect  .   (helmet restricted)
rElec   .          Harm     .   (no cloak)
rCorr   .          Rampage  .   (no gloves)
Will    .....                   (no boots)
Stlth   ..........              (no amulet)
HPRegen 0.11/turn               (no ring)
MPRegen 0.08/turn               (no ring)

@: no status effects
A: horns 2, retaliatory headbutt
a: no special abilities


You were on level 3 of the Dungeon.
You visited 1 branch of the dungeon, and saw 3 of its levels.

You collected 6 gold pieces.

Inventory:

Hand Weapons
 a - a +0 war axe (weapon)
Armour
 b - a +0 scale mail (worn)
 c - a +0 buckler (worn)
Scrolls
 f - a scroll of identify {unknown}
 g - a scroll of amnesia {unknown}
Potions
 d - a potion of might
 e - 2 potions of mutation {unknown}


   Skills:
 + Level 4.2 Fighting
 + Level 2.9 Axes
 + Level 4.1 Armour
 + Level 4.0 Shields


You had 2 spell levels left.
You didn't know any spells.
Your spell library contained the following spells:

 Spells                   Type           Power      Damage    Failure   Level
 Sublimation of Blood     Necr           0%         N/A       91%         2
 Petrify                  Tmut/Erth      0%         N/A       100%        4
 Irradiate                Conj/Tmut      0%         3d13      100%        5


Dungeon Overview and Level Annotations

Branches:
Dungeon (3/15)

Altars:

Annotations:
D:3 Robin


Innate Abilities, Weirdness & Mutations

You have a pair of horns on your head.
You reflexively headbutt those who attack you in melee.


Message History

Unknown command.
You closely miss the goblin. Your headbutt misses the goblin.
Your scale mail prevents you from hitting the goblin.
You hit the hobgoblin. x2; You barely miss the goblin.
The goblin hits you but does no damage. The hobgoblin hits you.
The goblin hits you with a +0 club.
The hobgoblin hits you but does no damage.
The goblin hits you with a +0 club. The hobgoblin hits you.
The goblin closely misses you. The goblin hits you with a +0 club.
You barely miss the goblin. You block the goblin's attack.
You closely miss the goblin. The goblin hits you with a +0 club. x2
* * * LOW HITPOINT WARNING * * *
Found a fuming orange potion.
Robin throws the goblin at you! You block the goblin's attack.
You block the hobgoblin's attack.
You slash the hobgoblin!
You kill the hobgoblin!
You barely miss the goblin.
The goblin no longer looks unusually strong.
The goblin closely misses you.
You slash the hobgoblin!
You kill the hobgoblin!
You closely miss the goblin.
The goblin hits you but does no damage. x2
Robin roars a battlecry!
The goblins go into a battle-frenzy!
There is a stone staircase leading down, spattered with blood here.
You see here a hobgoblin corpse.
You closely miss Robin. You completely miss the goblin.
The goblin no longer looks unusually strong.
Robin hits you but does no damage. The goblin hits you with a +0 club.
* * * LOW HITPOINT WARNING * * *
Robin barely misses you. You furiously retaliate!
You headbutt Robin! The goblin barely misses you. Robin barely misses you.
You climb downwards.
There is a stone staircase leading up here.
Your scale mail prevents you from hitting Robin.
Robin is heavily wounded.
You closely miss the goblin. You block the goblin's attack.
Robin hits you with a +0 mace!
You die...

.... ... #..
#..# # #... .#
#... ..#
.###..g##...#..
......g@.......
.###..###.###..
#. # .. .. .#


You could see Robin and a goblin (strong).

Vanquished Creatures
  A dart slug (D:1)
  5 ball pythons
  2 bats (D:1)
  An endoplasm (D:1)
  A giant cockroach (D:2)
  9 goblins
  5 hobgoblins
  A kobold (D:1)
  A quokka (D:1)
  A frilled lizard (D:1)
  3 rats
30 creatures vanquished.

Notes
Turn   | Place    | Note
-------+----------+-------------------------------------------
     0 | D:1      | Zebbs the Minotaur Fighter began the quest for the Orb.
     0 | D:1      | Reached XP level 1. HP: 19/19 MP: 0/0
   122 | D:1      | Reached XP level 2. HP: 24/27 MP: 1/1
   863 | D:2      | Reached XP level 3. HP: 33/33 MP: 2/2
   874 | D:2      | Noticed Robin
   895 | D:3      | Slain by Robin

Illustrated notes

Levels and vault maps discovered:
D:1:      dpeg_arrival_rooms_b, layout_loops_ring
D:2:      layout_rooms, shapermc_ecumenical_altar_petra, grunt_ministairs_11,
          hangedman_abyss_or_decor_lesser_grid, uniq_natasha, uniq_robin
D:3:      layout_basic, tso_metal_star

Skill      XL: |  1  2  3 |
---------------+----------+-----
Fighting       | 4 |  4.2
Armour         | 4 |  4.1
Shields        | 4 |  4.0
Axes           | |  2.9

Action                   || total
-------------------------++-------
Melee: War axe           ||    43
       Headbutt          ||     4
Armor: Scale mail        ||    26
Dodge: Dodged            ||    21
Block: Buckler           ||    15

Table legend: (Time is in decaauts)
 A = Elapsed time spent in this place.
 B = Non-inter-level travel time spent in this place.
 C = Inter-level travel time spent in this place.
 D = Time resting spent in this place.
 E = Time spent auto-exploring this place.
 F = Levels seen in this place.
 G = Mean time per level.
                   A        B        C        D        E       F      G
               +--------+--------+--------+--------+--------+-----+--------+
         Total |    910 |    910 |      0 |      0 |    671 |   3 |  303.3 |
       Dungeon |    910 |    910 |      0 |      0 |    671 |   3 |  303.3 |
               +--------+--------+--------+--------+--------+-----+--------+

Top non-repeatable levels by time:
     D:1: 844 daAuts
     D:2: 64 daAuts
     D:3: 0 daAuts
